 Dungeon Crawl Stone Soup version 0.28.0-43-g3370ac3207 (webtiles) character file.

Game seed: 10503214193918075820

53 CryoSword the Skirmisher (level 3, -7/61 HPs)
             Began as an Ogre Chaos Knight on Mar 8, 2022.
             Was a Plaything of Xom.
             Killed from afar by an orc wizard (11 damage)
             ... with a magic dart
             ... on level 3 of the Dungeon.
             The game lasted 00:04:27 (2464 turns).

CryoSword the Skirmisher (Ogre Chaos Knight)        Turns: 2464, Time: 00:04:28

Health: -7/61      AC: 21    Str: 18    XL:     3   Next: 89%
Magic:  3/3        EV:  1    Int: 13    God:    Xom [.....*]
Gold:   87         SH:  0    Dex:  8    Spells: 2/2 levels left

rFire   . . .      SeeInvis .   d - +0 giant spiked club
rCold   . . .      Faith    .   (shield currently unavailable)
rNeg    . . .      Spirit   .   (armour currently unavailable)
rPois   +          Reflect  .   (helmet currently unavailable)
rElec   .          Harm     .   (cloak currently unavailable)
rCorr   .          Rampage  .   (gloves unavailable)
Will    .....      NoTele   +   (boots unavailable)
Stlth   +.........              (no amulet)
HPRegen 0.20/turn               (no ring)
MPRegen 0.08/turn               (no ring)

@: tree-form (expiring)
A: stationary, stasis, torment immunity, boosted hp, large, unfitting armour,
(tough skin 1)
a: Renounce Religion


You were on level 3 of the Dungeon.
You worshipped Xom.
You were Xom's teddy bear.
You were a tree.
You visited 1 branch of the dungeon, and saw 3 of its levels.

You collected 130 gold pieces.
You spent 43 gold pieces at shops.

Inventory:

Hand Weapons
 d - a +0 giant spiked club (weapon)
   (You bought it in a shop on level 2 of the Dungeon)
Armour
 b - a +2 robe (melded)
Scrolls
 c - a scroll of amnesia
Potions
 e - 4 potions of curing {unknown}
 f - a potion of mutation {unknown}


   Skills:
 + Level 4.8 Fighting
 * Level 3.8 Maces & Flails
 - Level 2.1 Dodging


You had 2 spell levels left.
You didn't know any spells.
Your spell library contained the following spells:

 Spells                   Type           Power      Damage    Failure   Level
 Slow                     Hex            0%         N/A       30%         1
 Confusing Touch          Hex            0%         N/A       67%         3
 Vampiric Draining        Necr           0%         2d6       67%         3


Dungeon Overview and Level Annotations

Branches:
Dungeon (3/15)

Altars:
Kikubaaqudgha

Shops:
D:2 :=((

Annotations:
D:3 2 transporters, weresquid's ghost, amateur TeFE


Innate Abilities, Weirdness & Mutations

You are a tree.
Your roots penetrate the ground, keeping you stationary.
You cannot be teleported.
You are immune to unholy pain and torment.
Your maximum health is greatly increased.
Your equipment is partially melded.
You are too large for most types of armour.
((You have tough skin. (AC +1)))


Message History

The white imp shouts!
A frilled lizard comes into view.
The frilled lizard hisses angrily.
A frilled lizard is nearby!
A frilled lizard is nearby!
The frilled lizard bites you but does no damage.
You closely miss the frilled lizard. The frilled lizard misses you.
The frilled lizard bites you.
You barely miss the frilled lizard. The frilled lizard bites you.
You barely miss the frilled lizard. The frilled lizard closely misses you.
The frilled lizard bites you but does no damage.
You miss the frilled lizard.
The frilled lizard bites you but does no damage.
The frilled lizard barely misses you.
You miss the frilled lizard.
The frilled lizard bites you but does no damage.
You miss the frilled lizard. The frilled lizard bites you.
The frilled lizard bites you but does no damage.
You barely miss the frilled lizard.
The frilled lizard barely misses you. x2
You closely miss the frilled lizard. The frilled lizard bites you.
You impale the frilled lizard!!
You kill the frilled lizard!
No target in view!
No target in view!
c - a scroll of amnesia The adder hisses angrily.
The white imp shouts!
Weresquid's ghost turns its malevolent gaze towards you.
Weresquid's ghost takes aim.
Found a stone staircase leading down.
A quokka comes into view.
A quokka is nearby!
A quokka is nearby!
An orc wizard comes into view. It is wielding a +0 dagger.
The quokka barely misses you.
Weresquid's ghost whispers, "Death is liberation."
You closely miss the quokka.
The quokka bites you but does no damage.
The orc wizard gestures wildly while chanting.
The orc wizard flickers and vanishes!
Deactivating autopickup; reactivate with Ctrl-A.
The quokka bites you.
You impale the quokka!!
You kill the quokka!
A puff of flame appears from out of thin air!
The puff of flame hits you!
No reachable target in view!
No reachable target in view!
No reachable target in view!
You are confused.
You bump into the rock wall.
You bump into the rock wall.
Something tries to affect you, but you resist.
You feel less confused. Something hits you.
You closely miss something. Something hits you.
You miss something. Something hits you but does no damage.
You hear some strange, mumbled words.
A magic dart appears from out of thin air!
The magic dart hits you.
You closely miss something. Something hits you.
You hear some strange, mumbled words.
A puff of flame appears from out of thin air!
The puff of flame hits you.
* * * LOW HITPOINT WARNING * * *
You miss something. Something hits you.
* * * LOW HITPOINT WARNING * * *
You closely miss something. Something hits you.
* * * LOW HITPOINT WARNING * * *
Something hits you but does no damage.
You closely miss something. Something hits you.
* * * LOW HITPOINT WARNING * * *
Something hits you but does no damage.
You closely miss something.
You hear some strange, mumbled words.
A magic dart appears from out of thin air!
The magic dart hits you!
* * * LOW HITPOINT WARNING * * *
You miss something. Something hits you but does no damage.
You hear some strange, mumbled words.
A puff of flame appears from out of thin air!
The puff of flame hits you!
* * * LOW HITPOINT WARNING * * *
You miss something.
You hear some strange, mumbled words.
Something tries to affect you, but you resist.
It was a potion of lignification.
You turn into a tree.
Your +2 robe melds into your body.
Your roots penetrate the ground.
Xom thinks this is hilarious!
Something hits you but does no damage.
You cannot move.
You cannot move.
You miss something. Something hits you but does no damage. Something hits you.
* * * LOW HITPOINT WARNING * * *
You miss something.
Something hits you but does no damage. x2
You miss something.
You hear some strange, mumbled words.
A magic dart appears from out of thin air!
The magic dart hits you but does no damage.
You closely miss something. Something completely misses you.
Something hits you but does no damage.
You closely miss something. Something hits you but does no damage.
You closely miss something.
You hear some strange, mumbled words.
Something tries to affect you, but you resist.
Something hits you but does no damage.
You closely miss something.
An orc wizard appears from thin air!
Reactivating autopickup.
The orc wizard points at you and mumbles some strange words.
You resist with some effort.
The orc wizard hits you but does no damage.
You sock the orc wizard!
The orc wizard hits you but does no damage.
You barely miss the orc wizard. The orc wizard casts a spell at you.
You resist with some effort.
The orc wizard points at you and mumbles some strange words.
You are confused.
You closely miss the orc wizard.
The orc wizard hits you but does no damage.
You swing at nothing.
The orc wizard hits you but does no damage. x2
You closely miss the orc wizard.
The orc wizard points at you and mumbles some strange words.
The magic dart hits you but does no damage.
The orc wizard hits you but does no damage.
You nearly hit yourself!
The orc wizard casts a spell.
The orc wizard flickers and vanishes!
Deactivating autopickup; reactivate with Ctrl-A.
You swing at nothing.
You feel less confused. Something hits you but does no damage.
You miss something. Something completely misses you.
Something hits you but does no damage.
You miss something. Something hits you but does no damage.
You miss something.
Your transformation is almost over.
You hear some strange, mumbled words.
A magic dart appears from out of thin air!
The magic dart hits you.
* * * LOW HITPOINT WARNING * * *
Something hits you but does no damage.
You miss something.
Something hits you but does no damage. x2
You miss something. Something hits you but does no damage.
You barely miss something.
You hear some strange, mumbled words.
A magic dart appears from out of thin air!
The magic dart hits you!
You die...

..###.##.......<........# #.#
...................##########.#
.....................###.......
#########...##.###.......######
#©......##..##.######.##).#####
8..#.#..8#..##...# #.##.).<..#
.. ...#.w#..####.####.#..####.#
$ ......S#...{.#.#.......## #..
...©..wg#©..#♣#.#.........##..
....5#..##...#......##.....
..#.W#..###.........#......
#..8#..####.#......#.##...
....##....##.#......# #.##
#####.....†..#........ #.
....................####.
........##............
#######.###.........##


You could see a worm and an adder.

Vanquished Creatures
  An adder (D:2)
  A worm (D:2)
  2 dart slugs
  2 orcs (D:2)
  2 ball pythons (D:1)
  3 bats
  A giant cockroach (D:2)
  4 goblins
  5 hobgoblins
  3 quokkas
  3 frilled lizards
  4 kobolds
  A rat (D:1)
32 creatures vanquished.

Notes
Turn   | Place    | Note
-------+----------+-------------------------------------------
     0 | D:1      | CryoSword the Ogre Chaos Knight began the quest for the
                  | Orb.
     0 | D:1      | Reached XP level 1. HP: 24/24 MP: 1/1
   165 | D:1      | XOM: divination: magic mapping
   368 | D:1      | Reached XP level 2. HP: 32/32 MP: 2/2
   685 | D:2      | Found Keclov's Antique Weapon Emporium.
   767 | D:2      | Found Soqima's Jewellery Shoppe.
   789 | D:2      | Reached XP level 3. HP: 39/40 MP: 3/3
   912 | D:2      | Found Anis's Antique Weapon Shop.
   920 | D:2      | Bought a giant spiked club for 43 gold pieces
  1036 | D:2      | XOM: snakes to sticks
  1253 | D:2      | XOM: silly message
  1476 | D:2      | XOM: give mutations
  1476 | D:2      | Gained mutation: Your muscles are strong. (Str +2) [Xom's
                  | mischief]
  1476 | D:2      | Lost mutation: Your muscles are strong. (Str +2) [Xom's
                  | mischief]
  1547 | D:2      | Found a faded altar of an unknown god.
  1791 | D:2      | Found Qolillam's Book Shop.
  1978 | D:3      | XOM: divination: detect creatures
  2091 | D:3      | Found an ancient bone altar of Kikubaaqudgha.
  2091 | D:3      | XOM: summons 2 hostile demons
  2095 | D:3      | XOM: smoke on damage
  2268 | D:3      | XOM: god gift: scroll labelled AMUGIR IMECI {god gift}
  2306 | D:3      | Found a transporter.
  2309 | D:3      | Noticed weresquid's ghost (amateur TeFE)
  2310 | D:3      | Found a transporter.
  2442 | D:3      | HP: 1/41 [something/puff of flame (7)]
  2461 | D:3      | HP: 3/61 [something/magic dart (3)]
  2464 | D:3      | Killed from afar by an orc wizard

Illustrated notes

Levels and vault maps discovered:
D:1:      grunt_arrival_lava_bath, layout_basic
D:2:      layout_loops_ring, serial_shops, shop, shop, shop, shop,
          hellmonk_ecumenical_altar_blasted
D:3:      layout_rooms, mainiacjoe_overflow_alcove_2, gammafunk_ghost_arena,
          serial_shops, nicolae_shop_overgrown_old_shop

Skill      XL: |  1 |
---------------+----+-----
Maces & Flails | 3 |  3.8
Fighting       | |  4.8
Dodging        | |  2.1

Action                   || total
-------------------------++-------
Melee: Mace              ||    44
       Giant spiked club ||   123
  Use: Scroll            ||     4
       Potion            ||     2
 Stab: Invisible         ||     1
Armor: Robe              ||    88
       Skin              ||    22
Dodge: Dodged            ||   121
